 Dungeon Crawl Stone Soup version 0.23.2-1-ga50397a (webtiles) character file.

Game seed: 7527548662687398749

3175 dvd the Chopper (level 9, -1/75 HPs)
             Began as a Ghoul Fighter on May 13, 2019.
             Was a Believer of Makhleb.
             Slain by a wolf (6 damage)
             ... led by Grum
             ... on level 7 of the Dungeon on May 15, 2019.
             The game lasted 00:20:15 (6875 turns).

dvd the Chopper (Ghoul Fighter)                     Turns: 6875, Time: 00:20:16

Health: -1/75      AC: 11    Str: 20    XL:     9   Next: 95%
Magic:  8/8        EV: 15    Int:  4    God:    Makhleb [**....]
Gold:   194        SH: 10    Dex: 15    Spells: 8/8 levels left

rFire    . . .     SeeInvis .   p - +2 hand axe (chop)
rCold    + . .     Gourm    .   c - +0 shield
rNeg     + + +     Faith    .   b - +0 scale mail
rPois    ∞         Spirit   .   l - +2 helmet
rElec    .         Reflect  .   (no cloak)
rCorr    .         Harm     .   (no gloves)
MR       .....                  (no boots)
Stlth    +.........             x - amulet of magic regeneration
HPRegen  0.00/turn              (no ring)
MPRegen  0.36/turn              (no ring)

@: agile, rotting
A: rotting body, claws 1, carnivore, cold resistance 1, negative energy
resistance 3, inhibited regeneration, torment resistance, unbreathing
a: Minor Destruction, Renounce Religion


You were on level 7 of the Dungeon.
You worshipped Makhleb.
Makhleb was pleased with you.
You were not hungry.

You visited 1 branch of the dungeon, and saw 8 of its levels.

You collected 291 gold pieces.
You spent 97 gold pieces at shops.

Inventory:

Hand Weapons
 a - a +0 war axe
 m - a +0 spear of venom
 p - a +2 hand axe of chopping (weapon)
 u - a +0 morningstar
 v - a +1 whip of freezing
Armour
 b - a +0 scale mail (worn)
 c - a +0 shield (worn)
 l - a +2 helmet (worn)
 y - the +1 leather armour "Vetsem" {-Tele rF++ rCorr}
   (You found it on level 7 of the Dungeon)

   It greatly protects you from fire.
   It prevents most forms of teleportation.
   It provides partial protection from all sources of acid and corrosion.
Jewellery
 x - an amulet of magic regeneration (around neck)
Wands
 d - a wand of digging (5)
 q - a wand of polymorph (6)
Scrolls
 e - 5 scrolls of remove curse
 g - a scroll of magic mapping
 h - a scroll of fear
 i - 2 scrolls of amnesia
 j - 8 scrolls of identify
 s - a scroll of blinking
 A - a scroll of teleportation
Potions
 n - 3 potions of magic {unknown}
 o - a potion of might
 r - a potion of flight {unknown}
 t - 3 potions of curing {unknown}
 z - a potion of ambrosia {unknown}
 B - 2 potions of berserk rage {unknown}
Comestibles
 f - 11 rations


   Skills:
 + Level 6.2 Fighting
 + Level 7.5 Axes
 + Level 6.3 Armour
 + Level 3.6 Dodging
 + Level 1.0 Stealth
 + Level 6.2 Shields
 + Level 0.2 Invocations


You had 8 spell levels left.
You didn't know any spells.
Your spell library contained the following spells:

 Spells                   Type           Power        Failure   Level  Hunger
 Shock                    Conj/Air       #...         99%         1    ##.....
 Swiftness                Chrm/Air       #.......     100%        2    ###....
 Static Discharge         Conj/Air       #.......     100%        3    ####...
 Airstrike                Air            #.........   100%        4    #####..
 Lightning Bolt           Conj/Air       #.........   100%        5    ######.


Dungeon Overview and Level Annotations

Branches:
Dungeon (8/15)             Temple (0/1) D:7
   Lair: D:8-11

Altars:
Makhleb
Xom
The Shining One

Shops:
D:7 *

Annotations:
D:6 3 runed translucent doors, Curus's ghost, novice MiGl
D:8 Grum


Innate Abilities, Weirdness & Mutations

Your body is rotting away.
You thrive on raw meat.
You are immune to poison.
You have sharp fingernails.
You are carnivorous and can eat meat at any time.
Your flesh is cold resistant. (rC+)
You are immune to negative energy. (rN+++)
You do not regenerate when monsters are visible.
You are immune to unholy pain and torment.
You can survive without breathing.


Message History

You feel agile all of a sudden. You block the wolf's attack. x2
You barely miss the wolf.
The wolf is heavily wounded.
The wolf bites you.
* * * LOW HITPOINT WARNING * * *
The wolf barely misses you.
You hit the wolf.
The wolf is severely wounded.
The wolf bites you but does no damage.
You hit the wolf.
The wolf is almost dead.
The wolf barely misses you. The wolf closely misses you.
You miss the wolf.
The wolf is almost dead.
You block the wolf's attack.
You barely miss the wolf.
The wolf is almost dead.
The wolf barely misses you. The wolf bites you.
You die...

### #.#################
#.@h...............
#.################# #.#
#.# #### #.# ########...
#.# #....(###.#
###############.#
#####.###.# #.#
................# #...#.#
#.# #.#
###############.###.....#
#.# #.#


You could see a wolf.

Vanquished Creatures
  Pikel (D:6)
  Sigmund (D:2)
  A hippogriff (D:7)
  Duvessa (D:6)
  A water moccasin (D:7)
  3 phantoms
  3 slaves (D:5)
  An ice beast (D:5)
  A sky beast (D:6)
  2 ogres
  A wolf (D:7)
  A bullfrog (D:7)
  Dowan (D:6)
  A scorpion (D:5)
  6 killer bees (D:7)
  A crimson imp (D:4)
  A bullfrog zombie (D:5)
  2 hounds
  A bullfrog skeleton (D:5)
  8 orc priests
  A centaur skeleton (D:7)
  9 orc wizards
  A worker ant (D:5)
  A worker ant zombie (D:5)
  Robin (D:2)
  7 gnolls
  4 adders
  A shadow imp (D:6)
  A white imp (D:4)
  5 worms
  4 dart slugs
  6 leopard geckos
  37 orcs
  4 giant cockroaches
  19 goblins
  7 hobgoblins
  8 jackals
  10 kobolds
  A quokka (D:2)
  2 ball pythons
  12 bats
  8 frilled lizards
  A leopard gecko skeleton (D:7)
  6 rats
194 creatures vanquished.

Notes
Turn   | Place    | Note
-------+----------+-------------------------------------------
     0 | D:1      | dvd the Ghoul Fighter began the quest for the Orb.
     0 | D:1      | Reached XP level 1. HP: 19/19 MP: 0/0
   157 | D:1      | Reached XP level 2. HP: 25/26 MP: 1/1
   500 | D:1      | Reached XP level 3. HP: 33/33 MP: 2/2
   502 | D:1      | Reached skill level 2 in Axes
   654 | D:2      | Noticed Sigmund
   969 | D:2      | Reached XP level 4. HP: 32/40 MP: 3/3
  1043 | D:2      | Killed Sigmund
  1043 | D:2      | Reached skill level 3 in Axes
  1043 | D:2      | Reached skill level 1 in Dodging
  1043 | D:2      | Reached XP level 5. HP: 30/46 MP: 4/4
  1043 | D:2      | Reached XP level 6. HP: 34/52 MP: 5/5
  1228 | D:2      | Noticed Robin
  1240 | D:2      | Killed Robin
  1684 | D:3      | Reached skill level 4 in Axes
  2295 | D:3      | Found a burning altar of Makhleb.
  2300 | D:3      | Reached XP level 7. HP: 53/59 MP: 6/6
  2310 | D:3      | Became a worshipper of Makhleb the Destroyer
  2969 | D:4      | Reached skill level 5 in Axes
  3082 | D:4      | Reached XP level 8. HP: 21/67 MP: 7/7
  3406 | D:5      | Entered Level 5 of the Dungeon
  3743 | D:5      | Reached * piety under Makhleb
  3883 | D:5      | Reached skill level 5 in Fighting
  4184 | D:6      | Noticed Duvessa
  4185 | D:6      | Noticed Dowan
  4194 | D:6      | Noticed Pikel
  4276 | D:6      | Killed Duvessa
  4276 | D:6      | Reached skill level 6 in Axes
  4276 | D:6      | Reached skill level 5 in Armour
  4276 | D:6      | Reached skill level 5 in Shields
  4524 | D:6      | Killed Dowan
  4587 | D:6      | Killed Pikel
  4587 | D:6      | Reached XP level 9. HP: 46/74 MP: 8/8
  4948 | D:6      | Found a runed translucent gate.
  4948 | D:6      | Found a runed translucent gate.
  4948 | D:6      | Found a runed translucent gate.
  4949 | D:6      | Noticed a kobold demonologist
  4949 | D:6      | Noticed Curus's ghost (novice MiGl)
  4949 | D:6      | Identified the +9 whip of Beogh's Pride {elec, *Noise
                  | *Drain Dex+8}
  5159 | D:6      | Found a glowing golden altar of the Shining One.
  5537 | D:7      | Found Voji's General Store.
  5544 | D:7      | Bought a scroll of blinking for 97 gold pieces
  5629 | D:7      | Got a pitted leather armour
  5640 | D:7      | Identified the +1 leather armour "Vetsem" {-Tele rF++
                  | rCorr} (You found it on level 7 of the Dungeon)
  5687 | D:7      | Reached skill level 7 in Axes
  5687 | D:7      | Reached skill level 1 in Stealth
  5694 | D:7      | Found a shimmering altar of Xom.
  6028 | D:7      | Reached ** piety under Makhleb
  6314 | D:7      | Found a staircase to the Ecumenical Temple.
  6417 | D:8      | Noticed a two-headed ogre
  6424 | D:7      | HP: 2/75 [two-headed ogre/+0 giant club (2)]
  6793 | D:8      | Noticed Grum
  6875 | D:7      | Slain by a wolf

Skill      XL: |  1  2  3  4  5  6  7  8  9 |
---------------+----------------------------+-----
Armour         | 3 4 5 6 |  6.3
Axes           | 2 3 4 5 6 7 |  7.5
Shields        | 3 4 5 6 |  6.2
Fighting       | 4 5 6 |  6.2
Dodging        | 1 2 3 |  3.6
Stealth        | 1 |  1.0
Invocations    | |  0.2

Action                   |  1- 3 |  4- 6 |  7- 9 || total
-------------------------+-------+-------+-------++-------
Melee: War axe           |   132 |   128 |       ||   260
       Hand axe          |       |    14 |   600 ||   614
Invok: Minor Destruction |       |       |     3 ||     3
  Use: Potion            |       |     1 |     2 ||     3
       Scroll            |       |       |    13 ||    13
  Eat: Chunk             |    13 |    21 |    61 ||    95
Armor: Scale mail        |    72 |    76 |   191 ||   339
Dodge: Dodged            |    47 |    57 |   178 ||   282
Block: Shield            |    80 |    71 |   274 ||   425
